 Dungeon Sprint DCSS version 0.25-a0-38-g099c3e1 (webtiles) character file.

Game seed: 15790881369991341297, levelgen mode: deterministic

484 schets the Fighter (level 6, -4/56 (57) HPs)
             Began as a Demonspawn Monk on Oct 20, 2019.
             Was a Believer of Fedhas.
             Slain by a sun demon (14 damage)
             ... summoned by a kobold demonologist
             ... in the Dungeon (Sprint III: "The Ten Rune Challenge").
             The game lasted 00:02:26 (1320 turns).

schets the Fighter (Demonspawn Monk)                Turns: 1320, Time: 00:02:27

HP:   -4/56 (57)    AC:  2    Str: 15    XL:     6   Next: 88%
MP:   9/9           EV: 19    Int: 12    God:    Fedhas [**....]
Gold: 36            SH:  0    Dex: 17    Spells: 5/5 levels left

rFire    . . .     SeeInvis .     - Unarmed
rCold    . . .     Gourm    .   (no shield)
rNeg     . . .     Faith    .   a - +0 robe
rPois    +         Spirit   .   (helmet restricted)
rElec    .         Reflect  .   (no cloak)
rCorr    .         Harm     .   (no gloves)
MR       .....     NoTele   +   (no boots)
Stlth    ++........             (no amulet)
HPRegen  0.18/turn              (no ring)
MPRegen  0.11/turn              (no ring)

@: no status effects
A: antennae 1, talons 1, repulsion field 2, agile 1, demonic guardian 1, poison
resistance, strong 1
a: Wall of Briars, Renounce Religion


You were in the Dungeon.
You worshipped Fedhas.
Fedhas was pleased with you.
You were not hungry.

You visited 1 branch You collected 36 gold pieces.

Inventory:

Armour
 a - a +0 robe (worn)
Wands
 k - a wand of random effects (19)
Scrolls
 h - a scroll of blinking
 i - 2 scrolls of immolation {unknown}
 j - a scroll of random uselessness {unknown}
 l - 4 scrolls of identify
 m - a scroll of enchant weapon {unknown}
 n - 2 scrolls of remove curse
Potions
 c - a potion of curing
 e - a potion of haste
 f - 2 potions of magic
 g - a potion of berserk rage
 o - 2 potions of flight
 p - 3 potions of mutation
Miscellaneous
 d - a lightning rod (4/4)
Comestibles
 b - 3 rations


   Skills:
 + Level 8.5 Fighting
 + Level 5.2 Armour
 + Level 6.0 Dodging
 - Level 1.7 Stealth
 + Level 7.7 Unarmed Combat
 * Level 4.8 Invocations
 + Level 2.3 Evocations


You had 5 spell levels left.
You didn't know any spells.
Your spell library was empty.

Dungeon Overview and Level Annotations

Branches:
Dungeon (1/1)

Altars:
Cheibriados
Dithmenos
Fedhas
Gozag
Hepliaklqana
Kikubaaqudgha
Makhleb
Nemelex Xobeh
Qazlal
Ru
Sif Muna
Vehumet
Xom
Yredelemnul
Jiyva
Lugonu


Innate Abilities, Weirdness & Mutations

You have sharp toenails.
You are surrounded by a moderate repulsion field. (EV +3)
A weak demonic guardian rushes to your aid.
You have a pair of small antennae on your head.
You are agile. (Dex +2)
Your system is resistant to poisons. (rPois)
Your muscles are strong. (Str +2)


Message History

The kobold demonologist gestures wildly while chanting.
You closely miss the kobold demonologist.
Your kick misses the kobold demonologist.
The kobold demonologist is lightly wounded.
Your white imp barely misses the kobold demonologist.
You closely miss the kobold demonologist.
The kobold demonologist is lightly wounded.
The kobold demonologist barely misses you.
Your white imp closely misses the kobold demonologist.
The sun demon closely misses you.
You closely miss the kobold demonologist.
Your kick misses the kobold demonologist.
The kobold demonologist miscasts a cantrip.
Your white imp gestures at the kobold demonologist.
The puff of frost hits the kobold demonologist.
The sun demon hits you!!
* * * LOW HITPOINT WARNING * * *
You are engulfed in flames!
You die...
Fedhas appreciates your contribution to the ecosystem.

▓▓▓▓▓▓▓▓▓▓ ▓▓▓ #..'.....♣
♣.# #### #..#....♣♣♣ ♣.#
{#__# ####......♣ ♣.# {#._#
.÷.#....≈♣♣♣♣♣.###+#+###'##
...#...≈≈♣.♣...#..........#
...#..≈≈≈≈.♣.♣.).⌠........#
##)#†.≈≈≈≈≈≈...#@3.######'#
...#.≈≈≈≈≈≈....#K5.#__#...#
...#.≈≈≈≈≈.....#...#__#...#
...#.≈≈≈.......#'###P_#...#
####...........#.: #__#...+
...............#___#__'...#
▓▓▓▓▓▓▓▓▓▓▓▓▓▓▓▓▓▓▓▓▓▓▓▓▓▓▓
{


You could see a sun demon, a kobold demonologist and a friendly white imp.

Vanquished Creatures
  A shadow (D)
  A scorpion (D)
  A jelly (D)
  A wizard (D)
  Jessica (D)
  A necromancer (D)
  A human (D)
  An ooze (D)
  2 rats (D)
10 creatures vanquished.

Vanquished Creatures (collateral kills)
  A spatial vortex (D)
  A necrophage (D)
  A water elemental (D)
3 creatures vanquished.

Vanquished Creatures (others)
  2 draconian scorchers (D)
  6 hellions (D)
  2 yaktaurs (D)
10 creatures vanquished.

Grand Total: 23 creatures vanquished

Notes
Turn   | Place    | Note
-------+----------+-------------------------------------------
     0 | D        | schets the Demonspawn Monk began the quest for the Orb.
     0 | D        | Reached XP level 1. HP: 18/18 MP: 1/1
    90 | D        | Killed a hellion
    93 | D        | Killed a hellion
   103 | D        | Noticed Jessica
   114 | D        | Reached skill level 1 in Armour
   121 | D        | Killed Jessica
   121 | D        | Reached skill level 4 in Fighting
   121 | D        | Gained mutation: You are surrounded by a mild repulsion
                  | field. (EV +2) [demonic ancestry]
   121 | D        | Reached XP level 2. HP: 15/26 MP: 2/2
   121 | D        | Reached XP level 3. HP: 18/31 MP: 3/3
   132 | D        | Killed a yaktaur
   186 | D        | Killed a hellion
   206 | D        | Killed a hellion
   208 | D        | Killed a hellion
   210 | D        | Killed a white draconian scorcher
   233 | D        | Killed a white draconian scorcher
   236 | D        | Killed a hellion
   311 | D        | Reached skill level 5 in Fighting
   324 | D        | Killed a yaktaur
   489 | D        | Noticed a scorpion
   501 | D        | Killed a scorpion
   501 | D        | Reached skill level 5 in Unarmed Combat
   501 | D        | Gained mutation: A weak demonic guardian rushes to your
                  | aid. [demonic ancestry]
   501 | D        | Reached XP level 4. HP: 29/40 MP: 4/4
   523 | D        | Gained mutation: You have sharp toenails. [potion of
                  | mutation]
   523 | D        | Gained mutation: You are somewhat resistant to further
                  | mutation. [potion of mutation]
   523 | D        | Gained mutation: You have a pair of small antennae on your
                  | head. [potion of mutation]
   650 | D        | Noticed a water elemental
   658 | D        | Killed a water elemental
   658 | D        | Reached skill level 6 in Fighting
   658 | D        | Mutation became permanent: You have sharp toenails.
                  | [demonic ancestry]
   658 | D        | Gained mutation: You have sharp toenails. [demonic
                  | ancestry]
   658 | D        | Reached XP level 5. HP: 20/47 MP: 5/5
   833 | D        | Lost mutation: You have a pair of small antennae on your
                  | head. [potion of mutation]
   834 | D        | Lost mutation: You are somewhat resistant to further
                  | mutation. [potion of mutation]
   834 | D        | Gained mutation: You are weak. (Str -2) [potion of
                  | mutation]
   834 | D        | Gained mutation: You are agile. (Dex +2) [potion of
                  | mutation]
   835 | D        | Lost mutation: You are weak. (Str -2) [potion of mutation]
   835 | D        | Lost mutation: You are agile. (Dex +2) [potion of mutation]
   835 | D        | Gained mutation: You have a pair of small antennae on your
                  | head. [potion of mutation]
   835 | D        | Gained mutation: You are agile. (Dex +2) [potion of
                  | mutation]
   835 | D        | Gained mutation: Your system is resistant to poisons.
                  | (rPois) [potion of mutation]
   835 | D        | Gained mutation: Your muscles are strong. (Str +2) [potion
                  | of mutation]
   843 | D        | Noticed a shadow
   860 | D        | Killed a shadow
   860 | D        | Reached skill level 7 in Fighting
   860 | D        | Reached skill level 5 in Dodging
   860 | D        | Gained mutation: You are surrounded by a moderate repulsion
                  | field. (EV +3) [demonic ancestry]
   860 | D        | Reached XP level 6. HP: 29/56 MP: 6/6
   862 | D        | Reached skill level 8 in Fighting
  1056 | D        | Found a blossoming altar of Fedhas.
  1056 | D        | Found a stormy altar of Qazlal.
  1056 | D        | Found a snail-covered altar of Cheibriados.
  1056 | D        | Found a burning altar of Makhleb.
  1056 | D        | Found a shimmering altar of Xom.
  1056 | D        | Noticed a spatial vortex
  1057 | D        | Found a hazy altar of Hepliaklqana.
  1057 | D        | Found an opulent altar of Gozag.
  1057 | D        | Found a sparkling altar of Nemelex Xobeh.
  1057 | D        | Found a corrupted altar of Lugonu.
  1057 | D        | Found a viscous altar of Jiyva.
  1059 | D        | Became a worshipper of Fedhas Madash
  1059 | D        | Reached * piety under Fedhas
  1059 | D        | Reached ** piety under Fedhas
  1160 | D        | Killed a spatial vortex
  1160 | D        | Reached skill level 1 in Evocations
  1233 | D        | Found a basalt altar of Yredelemnul.
  1233 | D        | Found a shadowy altar of Dithmenos.
  1233 | D        | Found a sacrificial altar of Ru.
  1237 | D        | Reached skill level 5 in Armour
  1311 | D        | Found a radiant altar of Vehumet.
  1311 | D        | Found a shimmering blue altar of Sif Muna.
  1311 | D        | Found an ancient bone altar of Kikubaaqudgha.
  1318 | D        | Noticed a sun demon
  1320 | D        | Slain by a sun demon

Levels and vault maps discovered:
D:        dungeon_sprint_mu [sprint_mu_entry_forest, sprint_mu_temple_rooms,
          sprint_mu_d1_spiders, sprint_mu_d2_genie, sprint_mu_d3_branching,
          sprint_mu_orc_legion, sprint_mu_elf_gauntlet, sprint_mu_hive_nellie,
          sprint_mu_lair_fedhas, sprint_mu_vaults_butterflies,
          sprint_mu_slime_circle, sprint_mu_shoals_archi,
          sprint_mu_snake_twists, sprint_mu_blade_basic, sprint_mu_crypt_lich,
          sprint_mu_tomb_spiral, sprint_mu_vestibule_basic,
          sprint_mu_gehenna_hellfire, sprint_mu_dis_giant,
          sprint_mu_tartarus_statrot, sprint_mu_cocytus_islands, sprint_mu_zot1]

Skill      XL: |  1  2  3  4  5  6 |
---------------+-------------------+-----
Dodging        | 3 4 5 6 |  6.0
Unarmed Combat | 4 5 7 |  7.7
Armour         | 1 3 4 5 |  5.2
Fighting       | 4 5 6 7 8 |  8.5
Invocations    | 4 |  4.8
Evocations     | 2 |  2.3
Stealth        | |  1.7

Action                   |  1- 3 |  4- 6 || total
-------------------------+-------+-------++-------
Melee: Unarmed           |    46 |    31 ||    77
       Kick              |       |    11 ||    11
Invok: Wall of Briars    |       |     1 ||     1
Evoke: Wand              |       |     1 ||     1
  Use: Potion            |     1 |     5 ||     6
  Eat: Ration            |       |     1 ||     1
Armor: Robe              |     3 |     1 ||     4
Dodge: Dodged            |    30 |    15 ||    45

Table legend:
 A = Non-vault XP
 B = Vault XP
 C = Vault XP percentage of total XP
 D = Non-vault monster count
 E = Vault monster count
 F = Vault count percentage of total count
                 A         B        C        D         E       F
            +---------+---------+-------+---------+---------+-------
      Total |       0 |     692 | 100.0 |       0 |      13 | 100.0
            +---------+---------+-------+---------+---------+-------
          D |       0 |     692 | 100.0 |       0 |      13 | 100.0
            +---------+---------+-------+---------+---------+-------
